Map: Ruines d’Endion

Players

Jazz - Winner!

  • Race: Terran Terran
  • League: Gold
  • Spawn Location: 7:00

zidar

  • Race: Zerg Zerg
  • League: Gold
  • Spawn Location: 5:00

VOD

Have the link to the VOD?

Description

Time

  • Played on: June 2, 2016, 1:28 p.m.
  • Length: 15:01
Show
View Real Time Build Order
Export as new Build Order

Jazz Terran - Winner!

Build Orders: Command Center First (CC) 

Get SALT Encoding   

  12  0:01  SCV  
  13  0:13  SCV  
  14  0:18  Supply Depot  
  14  0:25  SCV  
  15  0:39  SCV  
  16  0:51  SCV  
  17  1:04  SCV  
  17  1:11  Command Center  
  18  1:17  SCV  
  19  1:19  Barracks  
  19  1:30  Barracks  
  19  1:33  SCV  
  20  1:45  SCV  
  21  1:54  Barracks  
  21  1:58  SCV  
  22  2:07  Marine  
  23  2:13  Orbital Command  
  23  2:22  Marine, Supply Depot  
  23  2:23  Orbital Command  
  24  2:36  Bunker  
  24  2:37  Marine  
  24  2:40  SCV  
  24  2:41  Marine x2  
  28  2:48  Refinery  
  28  2:50  Refinery  
  28  2:52  SCV  
  28  2:54  SCV  
  30  3:00  Marine x2  
  30  3:04  SCV  
  33  3:06  Marine  
  33  3:07  SCV  
  35  3:21  Marine  
  35  3:23  Barracks Tech Lab  
  36  3:29  SCV x2  
  36  3:30  Marine  
  39  3:37  Engineering Bay  
  39  3:41  SCV  
  40  3:42  Stimpack  
  40  3:47  Marine, SCV  
  40  3:48  Marine, Command Center  
  43  4:00  SCV  
  43  4:01  SCV  
  44  4:11  Marine  
  44  4:12  Marine x2  
  44  4:16  SCV  
  42  4:18  Terran Infantry Weapons Level 1  
  42  4:21  Factory  
  42  4:22  SCV  
  43  4:29  Marine, Barracks, SCV  
  45  4:31  Barracks  
  45  4:34  SCV  
  46  4:38  Refinery  
  46  4:39  Refinery  
  46  4:54  Supply Depot  
  46  4:59  SCV  
  48  5:00  Marine x2, SCV  
  48  5:04  Marine  
  51  5:12  SCV x2  
  53  5:16  Factory Tech Lab  
  53  5:18  Marine x2, Starport  
  53  5:19  Marine x2  
  57  5:24  SCV  
  57  5:27  Armory, Engineering Bay  
  58  5:37  SCV  
  58  5:38  Marine x2, Barracks Reactor  
  58  5:39  Barracks Reactor  
  61  5:43  SCV  
  62  5:56  Marine  
  55  5:57  Marine x2  
  55  6:00  Starport Reactor, Siege Tank  
  55  6:03  Combat Shield  
  59  6:09  SCV  
  59  6:10  Supply Depot  
  60  6:11  SCV  
  60  6:15  Supply Depot  
  60  6:16  Orbital Command  
  61  6:19  Marine  
  61  6:20  Marine x3  
  61  6:21  Barracks Reactor x2, SCV  
  61  6:23  SCV  
  67  6:32  Terran Infantry Weapons Level 2  
  67  6:33  SCV, Terran Infantry Armor Level 1  
  67  6:36  SCV  
  67  6:37  Marine  
  70  6:46  Medivac x2  
  74  6:47  Marine  
  74  6:48  Marine  
  76  6:56  SCV x2  
  76  6:57  Marine  
  76  7:01  Bunker  
  79  7:06  Marine x6  
  85  7:16  SCV  
  85  7:19  Supply Depot  
  86  7:23  Marine x4  
  86  7:24  SCV x2  
  86  7:28  Supply Depot  
  86  7:29  SCV  
  93  7:41  Marine, Medivac  
  93  7:43  SCV x2  
  93  7:44  Marine x2, SCV  
  99  7:50  Marine x3  
  104  7:55  Barracks  
  104  7:58  Barracks  
  104  8:00  Marine x3, Barracks  
  107  8:10  SCV x2  
  109  8:14  Factory Reactor, Supply Depot  
  109  8:15  Supply Depot  
  109  8:17  Supply Depot  
  109  8:36  SCV x3, Medivac  
  114  8:58  Marine x5  
  114  8:59  Marine x2, Marauder  
  123  9:23  Marine x3  
  123  9:24  Marine x4  
  110  9:32  Marine x2  
  114  9:41  Marine x3, Barracks Tech Lab  
  114  9:43  Barracks Tech Lab  
  114  9:44  Marine  
  114  9:45  Widow Mine x2  
  110  9:49  Marauder  
  110  9:50  Marauder  
  114  9:55  Missile Turret, SCV x2  
  114  9:56  Marine x2  
  114  9:57  Viking x2  
  122  10:02  Terran Infantry Weapons Level 3, Terran Infantry Armor Level 2  
  122  10:05  Starport  
  122  10:06  Starport  
  122  10:08  Terran Ship Weapons Level 1  
  122  10:11  Marauder  
  122  10:12  Marine x2, SCV x2  
  122  10:13  Marine x2, Marauder  
  132  10:19  Refinery, SCV  
  132  10:20  Refinery  
  132  10:21  Supply Depot  
  133  10:28  Marine x3  
  133  10:29  Marauder x2, Medivac x2  
  148  10:36  Widow Mine x2  
  148  10:44  Supply Depot  
  148  10:45  Marine x5  
  148  10:46  Marine x2, Marauder  
  157  11:05  Marine x6, Marauder  
  157  11:06  Marauder  
  157  11:09  Supply Depot  
  157  11:10  Marauder  
  165  11:22  Missile Turret  
  165  11:30  Marine, Viking x2  
  170  11:39  Marine x2  
  171  11:40  Marine  
  173  12:09  Marine x2, SCV  
  173  12:10  Marine x3  
  173  12:11  Marauder  
  173  12:13  Marine x4, SCV  
  173  12:44  Marine x9  
  173  12:45  Marauder, Viking x2  
  173  12:46  Marauder x2  
  155  12:53  Widow Mine x2  
  133  13:02  Marine x9  
  142  13:06  Marauder  
  142  13:07  Marauder x2  
  146  13:20  Marine x3, Marauder  
  146  13:22  Marine x4  
  154  13:28  Marauder  
  145  13:37  Medivac x2  
  145  13:39  Marine x3  
  145  13:40  Marine, Marauder  
  145  13:41  Marauder  
  161  13:45  Widow Mine x2  
  161  14:01  Command Center  
  161  14:05  Command Center  
  161  14:09  Command Center  
  150  14:14  Marine x2  
  150  14:15  Marine x5  
  150  14:16  Marauder  
  157  14:38  Marine x2  
  157  14:39  Marine x4  
  157  14:40  Marauder  
Show
View Real Time Build Order
Export as new Build Order

zidar Zerg 

Build Orders: Hatch First 

Get SALT Encoding   

  12  0:02  Drone  
  13  0:12  Overlord  
  13  0:18  Drone  
  14  0:31  Drone x2  
  14  0:35  Drone  
  17  0:57  Hatchery  
  17  0:59  Drone  
  17  1:03  Extractor  
  16  1:04  Drone  
  17  1:23  Spawning Pool  
  16  1:35  Drone  
  16  1:37  Overlord  
  16  1:39  Drone  
  18  1:54  Drone  
  19  2:08  Drone x2  
  19  2:10  Queen  
  23  2:17  Queen  
  24  2:24  Metabolic Boost  
  24  2:33  Drone x2  
  26  2:44  Baneling Nest, Drone  
  26  2:52  Overlord  
  26  2:55  Drone  
  27  3:00  Queen  
  29  3:09  Drone x3  
  32  3:23  Drone x2  
  32  3:24  Drone x4  
  38  3:45  Zergling x2  
  38  3:46  Zergling x6  
  42  4:30  Lair  
  42  4:32  Pneumatized Carapace  
  42  4:44  Hatchery  
  41  4:46  Overlord  
  41  4:47  Overlord x4  
  41  4:55  Extractor  
  40  5:08  Zergling x10  
  40  5:09  Zergling x14  
  52  5:21  Extractor  
  52  5:24  Extractor  
  46  5:39  Baneling  
  46  5:40  Baneling x3  
  46  5:42  Baneling x3  
  45  5:44  Zergling x16  
  45  5:45  Zergling x6  
  53  6:01  Centrifical Hooks  
  53  6:07  Queen  
  53  6:09  Drone  
  53  6:10  Drone x5  
  61  6:14  Queen  
  63  6:40  Evolution Chamber  
  63  6:41  Evolution Chamber  
  63  6:45  Spire  
  60  6:52  Drone  
  60  6:53  Drone x6  
  67  6:56  Drone x3  
  70  7:12  Zerg Ground Armor Level 1  
  70  7:14  Zerg Melee Weapons Level 1  
  70  7:30  Zergling x2  
  70  7:31  Zergling x12  
  70  7:33  Baneling x7  
  77  7:42  Drone x3  
  80  7:45  Drone  
  80  7:48  Overlord x5  
  81  8:11  Spore Crawler  
  80  8:15  Spore Crawler  
  80  8:17  Baneling  
  79  8:21  Spore Crawler  
  78  8:28  Corruptor x4  
  78  8:29  Corruptor  
  86  8:42  Zergling x30  
  101  9:10  Drone x2  
  87  9:42  Drone x6  
  93  9:51  Zerg Ground Armor Level 2, Zerg Melee Weapons Level 2  
  93  10:04  Zerg Flyer Weapons Level 1  
  93  10:08  Infestation Pit  
  92  10:31  Drone x3  
  95  10:35  Drone x3  
  95  10:36  Drone x5  
  95  10:37  Hatchery  
  102  11:13  Zergling x6  
  102  11:16  Overlord x5  
  105  11:19  Hive  
  105  11:38  Baneling  
  105  11:39  Baneling x4  
  105  11:40  Baneling  
  105  11:54  Extractor  
  104  11:57  Extractor  
  81  12:21  Zergling x2  
  81  12:22  Zergling x52  
  105  12:23  Zergling x8  
  109  12:32  Overseer  
  109  12:38  Baneling x6  
  109  12:39  Baneling x9  
  60  12:59  Zergling x10  
  60  13:00  Zergling x26  
  76  13:13  Mutalisk  
  76  13:14  Mutalisk x2  
  82  13:24  Hatchery  
  79  13:35  Baneling x7  
  79  13:44  Ultralisk Cavern  
  78  13:54  Mutalisk x9  
  76  14:11  Zergling x2  
  76  14:12  Zergling x4  
  79  14:19  Zergling x8  
  68  14:40  Baneling x2  
Tags
 
Add a new tag
Caveats
  • Supply blocks, unpowered buildings, or Contaminate may cause inaccurate times.
  • Supply counts are checked every 10 seconds.